 Seeded DCSS version 0.27-a0-906-g0a00ce863d (webtiles) character file.

Game seed: 5415555182654889 (custom seed)

25 rocky1 the Shield-Bearer (level 2, -4/26 HPs)
             Began as a Minotaur Fighter on Apr 7, 2021.
             Slain by Sigmund
             ... wielding a +0 scythe
              (5 damage)
             ... on level 2 of the Dungeon.
             The game lasted 00:01:45 (1029 turns).

rocky1 the Shield-Bearer (Minotaur Fighter)         Turns: 1029, Time: 00:01:46

Health: -4/26      AC:  6    Str: 20    XL:     2   Next: 82%
Magic:  1/1        EV:  7    Int:  5    God:
Gold:   91         SH:  0    Dex:  9    Spells: 1/1 levels left

rFire    . . .     SeeInvis .   a - +0 long sword
rCold    . . .     Faith    .   c - +0 kite shield
rNeg     . . .     Spirit   .   b - +0 scale mail
rPois    .         Reflect  .   (helmet restricted)
rElec    .         Harm     .   g - scarf {+Inv}
rCorr    .         Rampage  .   (no gloves)
Will     .....                  (no boots)
Stlth    ..........             (no amulet)
HPRegen  0.08/turn              (no ring)
MPRegen  0.07/turn              (no ring)

@: confused
A: horns 2, retaliatory headbutt
a: Evoke Invisibility


You were on level 2 of the Dungeon.
You visited 1 branch of the dungeon, and saw 2 of its levels.

You collected 91 gold pieces.

Inventory:

Hand Weapons
 a - a +0 long sword (weapon)
Armour
 b - a +0 scale mail (worn)
 c - a +0 kite shield (worn)
 g - a scarf of invisibility (worn)
Scrolls
 i - 2 scrolls of identify {unknown}
 j - a scroll of teleportation {unknown}
 l - a scroll of blinking {unknown}
Potions
 d - a potion of might
 e - a potion of berserk rage {unknown}
 f - a potion of ambrosia {unknown}
 h - a potion of degeneration {unknown}
 k - a potion of curing {unknown}
 m - a potion of attraction {unknown}


   Skills:
 - Level 3.6 Fighting
 * Level 3.7 Long Blades
 - Level 3.6 Armour
 + Level 4.1 Shields


You had one spell level left.
You didn't know any spells.
Your spell library contained the following spells:

 Spells                   Type           Power      Damage    Failure   Level
 Confusing Touch          Hex            0%         N/A       100%        3
 Gell's Gravitas          Tloc           0%         N/A       100%        3
 Petrify                  Tmut/Erth      0%         N/A       100%        4
 Metabolic Englaciation   Hex/Ice        0%         N/A       100%        5
 Yara's Violent Unravell  Hex/Tmut       0%         3d3       100%        5


Dungeon Overview and Level Annotations

Branches:
Dungeon (2/15)

Altars:

Annotations:
D:2 Sigmund


Innate Abilities, Weirdness & Mutations

You have a pair of horns on your head.
You reflexively headbutt those who attack you in melee.


Message History

Done exploring.
No target in view!
No target in view!
You see here a +0 robe.
There is a stone staircase leading down here.
You climb downwards.
A quokka comes into view.
There is a stone staircase leading up here.
You hit the quokka.
You kill the quokka!
No target in view!
No target in view!
No target in view!
You see here a quokka corpse.
You now have 91 gold pieces (gained 11).
Sigmund the Dreaded comes into view.
He is wielding a +0 scythe.
Sigmund shouts!
Sigmund hits you but does no damage.
You closely miss Sigmund. You headbutt Sigmund, but do no damage.
Sigmund hits you with a +0 scythe! You block Sigmund's attack.
You completely miss Sigmund. You headbutt Sigmund, but do no damage.
Sigmund points at you and mumbles some strange words.
The magic dart hits you!
You are too injured to fight recklessly!
You are too injured to fight recklessly!
You are too injured to fight recklessly!
You are too injured to fight recklessly!
You closely miss Sigmund. Your headbutt misses Sigmund.
You block Sigmund's attack.
Your shield and scale mail prevent you from hitting Sigmund.
You block Sigmund's attack. Sigmund gestures at you while chanting.
You are confused.
Sigmund casts a spell at you. The magic dart hits you!
* * * LOW HITPOINT WARNING * * *
Sigmund hits you with a +0 scythe.
* * * LOW HITPOINT WARNING * * *
Sigmund hits you from afar with a +0 scythe.
You die...

####... .......##
........ #.
#.....### #.
#.##....#
#####.####.......#
............#....##
..............@..#
.............@....#
...##.............#
..................#
#.###............#
.##.###............#
.....<†.......?.?..#
.##.#.#............#
#....#............#


You could see Sigmund.

Vanquished Creatures
  A dart slug (D:1)
  3 ball pythons (D:1)
  A bat (D:1)
  An endoplasm (D:1)
  A giant cockroach (D:1)
  A hobgoblin (D:1)
  4 kobolds (D:1)
  3 quokkas
  A frilled lizard (D:1)
  2 goblins (D:1)
  2 rats (D:1)
20 creatures vanquished.

Notes
Turn   | Place    | Note
-------+----------+-------------------------------------------
     0 | D:1      | rocky1 the Minotaur Fighter began the quest for the Orb.
     0 | D:1      | Reached XP level 1. HP: 19/19 MP: 0/0
   338 | D:1      | Reached XP level 2. HP: 22/26 MP: 1/1
   729 | D:1      | Reached skill level 4 in Shields
  1019 | D:2      | Noticed Sigmund
  1028 | D:2      | HP: 1/26 [Sigmund/+0 scythe (3)]
  1029 | D:2      | Slain by Sigmund

Illustrated notes

Levels and vault maps discovered:
D:1:      dpeg_arrival_court, layout_loops_cross, minmay_misc_feat_plants,
          minmay_misc_feat_x, dk_noncrumbling_3, minmay_small_reverse_x
D:2:      layout_basic, basic_ecumenical_altar, roderic_lattice_a, uniq_sigmund

Skill      XL: |  1  2 |
---------------+-------+-----
Long Blades    | 3 |  3.7
Shields        | 4 |  4.1
Fighting       | |  3.6
Armour         | |  3.6

Action                   || total
-------------------------++-------
Melee: Long sword        ||    43
       Headbutt          ||     9
Armor: Scale mail        ||    13
Dodge: Dodged            ||    10
Block: Kite shield       ||    30
       Rpst.: Long sword ||     3

Table legend: (Time is in decaauts)
 A = Elapsed time spent in this place.
 B = Non-inter-level travel time spent in this place.
 C = Inter-level travel time spent in this place.
 D = Time resting spent in this place.
 E = Time spent auto-exploring this place.
 F = Levels seen in this place.
 G = Mean time per level.
                   A        B        C        D        E       F      G
               +--------+--------+--------+--------+--------+-----+--------+
         Total |   1048 |   1009 |     39 |    120 |    728 |   2 |  524.0 |
       Dungeon |   1048 |   1009 |     39 |    120 |    728 |   2 |  524.0 |
               +--------+--------+--------+--------+--------+-----+--------+

Top non-repeatable levels by time:
     D:1: 1024 daAuts
     D:2: 24 daAuts
